 Dungeon Sprint DCSS version 0.30.1-9-gdf580d7c3d (webtiles) character file.

Game seed: 12599203020148755623

81 Heoruswealwe the Poker (level 4, -10/44 HPs)
             Began as a Minotaur Fighter on Oct 19, 2023.
             Was an Initiate of Gozag.
             Mangled by a two-headed ogre
             ... wielding a +0 giant club
              (20 damage)
             ... in the Dungeon (Sprint IX: "|||||||||||||||||||||||||||||").
             The game lasted 00:03:17 (159 turns).

Heoruswealwe the Poker (Minotaur Fighter)            Turns: 159, Time: 00:03:19

Health: -10/44     AC: 12    Str: 26    XL:     4   Next: 19%
Magic:  3/3        EV:  8    Int:  5    God:    Gozag
Gold:   0          SH:  0    Dex:  9    Spells: 3/3 levels left

rFire   . . .        b - +2 halberd of the Imbibing Visionary {speed, rElec rN+ rCorr SInv}
rCold   . . .        (shield currently unavailable)
rNeg    + . .        c - +1 chain mail
rPois   .            (helmet restricted)
rElec   +            h - +0 cloak
rCorr   +            (no gloves)
SInv    +            (no boots)
Will    .....        (no amulet) Stlth
                     k - +3 ring of strength
HPRegen 0.27/turn    (no ring)
MPRegen 0.08/turn

%: no teleportation
@: no status effects
A: horns 2, retaliatory headbutt
a: Renounce Religion, Potion Petition, Call Merchant, Bribe Branch


You were in the Dungeon.
You worshipped Gozag.
Gozag was noncommittal.
You visited 1 branch

Inventory:

Hand Weapons
 a - a +0 trident
 b - the +2 halberd of the Imbibing Visionary (weapon) {speed, rElec rN+ rCorr SInv}
   (You found it in the Dungeon)

   rElec:     It insulates you from electricity.
   rN:        It protects you from negative energy.
   SInv:      It lets you see invisible.
   rCorr:     It protects you from acid and corrosion.
Armour
 c - a +1 chain mail (worn)
 d - a +0 buckler
 h - a +0 cloak (worn)
Jewellery
 k - a +3 ring of strength (left hand)
Wands
 l - a wand of roots (10)
Scrolls
 j - 2 scrolls of blinking
Potions
 e - 5 potions of curing
 f - a potion of heal wounds
 g - a potion of haste
 i - a potion of berserk rage
 m - a potion of might


   Skills:
 + Level 6.1 Fighting
 * Level 7.4 Polearms
 + Level 6.1 Armour
 - Level 3.6 Shields


You had 3 spell levels left.
You didn't know any spells.
Your spell library was empty.

Dungeon Overview and Level Annotations

Branches:
Dungeon (1/1)

Altars:
Cheibriados
Dithmenos
Elyvilon
Fedhas
Gozag
Hepliaklqana
Kikubaaqudgha
Makhleb
Nemelex Xobeh
Okawaru
Qazlal
Ru
Sif Muna
Trog
Uskayaw
Vehumet
Wu Jian
Xom
Yredelemnul
Zin
The Shining One
Jiyva
Lugonu


Innate Abilities, Weirdness & Mutations

You have a pair of horns on your head.
You reflexively headbutt those who attack you in melee.


Message History

You see here a +0 helmet.
You see here a +3 ring of strength.
m - a +3 ring of strength Adjust (i)tems, (s)pells, or (a)bilities?
m - a +3 ring of strength Adjust to which letter? (? for menu, Esc to quit)
k - a +3 ring of strength;
m - a potion of might You feel stronger.
k - a +3 ring of strength (left hand)
You open the door.
A troll, an orc warrior, a centaur, a shadow, a yak and a two-headed ogre come into view.
The troll shouts!
The orc warrior shouts!
The centaur shouts!
The yak bellows!
You puncture the two-headed ogre!
Your headbutt misses the two-headed ogre.
The two-headed ogre is moderately wounded.
The two-headed ogre hits you with a +0 giant club.
The two-headed ogre hits you but does no damage.
You barely miss the two-headed ogre.
Your headbutt misses the two-headed ogre.
The two-headed ogre is moderately wounded.
You puncture the two-headed ogre!
The two-headed ogre is moderately wounded.
The two-headed ogre completely misses you.
The two-headed ogre hits you with a +0 giant spiked club!!
Ouch! That really hurt!
You hit the two-headed ogre.
The two-headed ogre is moderately wounded.
You feel much better.
The two-headed ogre hits you with a +0 giant club!
The two-headed ogre hits you with a +0 giant spiked club!
The shadow slips into darkness.
The shadow flickers and vanishes for a moment.
You slash the two-headed ogre!
You headbutt the two-headed ogre, but do no damage.
The two-headed ogre is heavily wounded.
The two-headed ogre hits you with a +0 giant club!
* * * LOW HITPOINT WARNING * * *
The two-headed ogre hits you with a +0 giant spiked club!!
You die...
Your body crumbles into a pile of gold.

$
▓.▓
$
▓T▓
$ $
▓o▓
$
▓c▓
$
▓W▓
▓Y▓
$
▓O▓
▓@▓
$
▓.▓
▓.▓
$
▓[▓
▓=▓
$
▓[▓
$
▓)▓
$
▓?▓
$
▓!▓


You could see a two-headed ogre, a yak, a troll, an orc warrior, a shadow
(invisible) and a centaur.

Vanquished Creatures
  A howler monkey (D)
  An orc priest (D)
  An ufetubus (D)
  A dart slug (D)
  An orc (D)
  2 endoplasms (D)
  A giant cockroach (D)
  A goblin (D)
  A rat (D)
10 creatures vanquished.

Notes
Turn   | Place    | Note
-------+----------+-------------------------------------------
     0 | D        | Heoruswealwe the Minotaur Fighter began the quest for the
                  | Orb.
     0 | D        | Reached XP level 1. HP: 19/19 MP: 0/0
     8 | D        | Reached skill level 3 in Polearms
    51 | D        | Noticed an orc priest
    51 | D        | Noticed a howler monkey
    55 | D        | Reached skill level 4 in Polearms
    55 | D        | Reached XP level 2. HP: 4/28 MP: 1/1
    60 | D        | Killed a howler monkey
    61 | D        | Reached skill level 5 in Fighting
    61 | D        | Reached skill level 6 in Polearms
    61 | D        | Reached skill level 5 in Armour
    61 | D        | Reached XP level 3. HP: 34/36 MP: 2/2
    66 | D        | Reached skill level 7 in Polearms
    66 | D        | Reached XP level 4. HP: 39/44 MP: 3/3
    74 | D        | Found a snail-covered altar of Cheibriados.
    74 | D        | Found a shadowy altar of Dithmenos.
    74 | D        | Found a white marble altar of Elyvilon.
    74 | D        | Found a blossoming altar of Fedhas.
    74 | D        | Found an opulent altar of Gozag.
    75 | D        | Found a hazy altar of Hepliaklqana.
    76 | D        | Found a viscous altar of Jiyva.
    77 | D        | Found an ancient bone altar of Kikubaaqudgha.
    78 | D        | Found a corrupted altar of Lugonu.
    79 | D        | Found a burning altar of Makhleb.
    80 | D        | Found a sparkling altar of Nemelex Xobeh.
    81 | D        | Found an iron altar of Okawaru.
    82 | D        | Became a worshipper of Gozag Ym Sagoz the Greedy
    83 | D        | Found a stormy altar of Qazlal.
    84 | D        | Found a sacrificial altar of Ru.
    85 | D        | Found a shimmering blue altar of Sif Muna.
    86 | D        | Found a bloodstained altar of Trog.
    87 | D        | Found a hide-covered altar of Uskayaw.
    88 | D        | Found a radiant altar of Vehumet.
    89 | D        | Found an ornate altar of the Wu Jian Council.
    90 | D        | Found a shimmering altar of Xom.
    91 | D        | Found a basalt altar of Yredelemnul.
    92 | D        | Found a glowing silver altar of Zin.
    93 | D        | Found a glowing golden altar of the Shining One.
   109 | D        | Got the +2 halberd of the Imbibing Visionary {speed, rElec
                  | rN+ rCorr SInv}
   153 | D        | Noticed a troll
   153 | D        | Noticed an orc warrior
   153 | D        | Noticed a centaur
   153 | D        | Noticed a shadow
   153 | D        | Noticed a yak
   153 | D        | Noticed a two-headed ogre
   159 | D        | Mangled by a two-headed ogre

Illustrated notes

Levels and vault maps discovered:
D:        linesprint [early_d, line_temple, items_1, d_10, items_2, lair_1,
          lair_end, items_3, orc_1, orc_end, items_4, d_15, swamp_1, shoals_1,
          snake_1, spider_1, d_20, vaults_1, items_5, swamp_end, shoals_end,
          snake_end, spider_end, vaults_end, d_27, items_6, zot_1, zot_end,
          crypt_end, forest_end, elf_end, slime_end, tomb_end, abyss_end,
          pan_hell_end]

Skill      XL: |  1  2  3 |
---------------+----------+-----
Polearms       | 4 6 7 |  7.4
Fighting       | 4 5 6 |  6.1
Armour         | 4 5 6 |  6.1
Shields        | |  3.6

Action                     |  1- 3 |  4- 6 || total
---------------------------+-------+-------++-------
  Melee: Trident           |    22 |     1 ||    23
         Headbutt          |     3 |     1 ||     4
         Halberd           |       |     5 ||     5
    Use: Potion            |     1 |     1 ||     2
 Armour: Scale mail        |     7 |       ||     7
         Chain mail        |       |     1 ||     1
  Dodge: Dodged            |     7 |     1 ||     8
  Block: Buckler           |     1 |       ||     1
